Map: [ESL] Amphion

Players

NightMare

  • Race: Protoss Protoss
  • Spawn Location: 11:00

Cure - Winner!

  • Race: Terran Terran
  • Spawn Location: 7:00

Event: ESL Spring 2024 Finals

VOD

Have the link to the VOD?

Description

Time

  • Played on: June 1, 2024, 12:23 p.m.
  • Length: 24:36

All games in this series

Show
View Real Time Build Order
Export as new Build Order

NightMare Protoss 

Build Orders: 1 Gate Expand, Blink Stalkers, Colossus Rush 

Get SALT Encoding   

  12  0:00  Probe  
  13  0:12  Probe  
  14  0:20  Pylon  
  14  0:25  Probe  
  15  0:38  Probe (Chrono Boost)  
  15  0:40  Gateway  
  16  0:46  Assimilator  
  17  0:51  Probe (Chrono Boost)  
  17  0:56  Probe (Chrono Boost)  
  18  1:06  Probe  
  19  1:18  Probe  
  20  1:26  Cybernetics Core  
  20  1:38  Nexus  
  20  1:46  Pylon  
  20  1:49  Probe  
  20  1:53  Assimilator  
  21  2:01  Adept (Chrono Boost), Probe  
  22  2:06  Warp Gate  
  24  2:13  Probe  
  25  2:22  Twilight Council  
  25  2:25  Probe  
  26  2:31  Stalker  
  28  2:37  Probe  
  29  2:49  Probe  
  29  2:51  Gateway, Blink (Chrono Boost), Probe  
  31  3:03  Probe  
  33  3:05  Probe  
  33  3:11  Stalker  
  35  3:15  Probe  
  35  3:18  Probe  
  37  3:23  Pylon  
  37  3:27  Probe  
  37  3:30  Probe  
  37  3:33  Robotics Facility  
  39  3:39  Probe  
  40  3:42  Probe  
  40  3:44  Shield Battery  
  41  3:51  Probe  
  41  3:54  Probe  
  41  3:55  Stalker  
  45  3:56  Stalker  
  47  4:03  Pylon  
  47  4:04  Probe  
  47  4:06  Probe  
  49  4:19  Nexus  
  49  4:20  Observer (Chrono Boost)  
  49  4:23  Probe x2  
  52  4:27  Stalker  
  54  4:35  Probe x2  
  54  4:41  Robotics Bay  
  54  4:42  Assimilator  
  54  4:43  Assimilator  
  54  4:45  Pylon  
  54  4:47  Probe x2  
  56  5:00  Pylon  
  56  5:01  Probe x2  
  56  5:04  Shield Battery  
  58  5:13  Charge, Gateway  
  58  5:15  Gateway, Probe  
  58  5:18  Probe  
  58  5:20  Gateway  
  58  5:27  Probe  
  59  5:29  Colossus (Chrono Boost)  
  59  5:34  Probe x2  
  65  5:38  Sentry  
  65  5:39  Probe  
  68  5:43  Gateway  
  68  5:48  Gateway, Extended Thermal Lance (Chrono Boost)  
  68  5:49  Probe  
  69  5:55  Sentry  
  69  5:56  Probe x2  
  73  6:02  Probe  
  73  6:04  Observer  
  74  6:07  Gateway  
  74  6:08  Observer, Probe  
  74  6:09  Colossus (Chrono Boost)  
  73  6:15  Probe x2  
  81  6:19  Pylon  
  81  6:20  Zealot x2, Probe  
  86  6:29  Stalker x3  
  91  6:34  Pylon  
  91  6:41  Pylon  
  91  6:44  Zealot x4  
  99  6:47  Warp Prism (Chrono Boost)  
  101  6:55  Stalker x2  
  101  6:58  Stalker  
  107  7:09  Stalker x2  
  107  7:10  Stalker x2  
  113  7:17  Pylon  
  113  7:23  Nexus  
  113  7:26  Pylon  
  112  7:39  Zealot x5  
  120  7:55  Probe x2  
  121  8:00  Robotics Facility  
  121  8:01  Dark Shrine  
  121  8:03  Forge  
  121  8:05  Forge, Pylon  
  121  8:06  Pylon  
  121  8:07  Pylon x2  
  121  8:11  Probe x3  
  120  8:23  Disruptor (Chrono Boost)  
  120  8:25  Zealot x8  
  140  8:30  Probe, Pylon  
  140  8:31  Probe x2  
  143  8:35  Protoss Ground Armor Level 1 (Chrono Boost), Protoss Ground Weapons Level 1 (Chrono Boost)  
  123  8:49  Pylon  
  123  8:51  Immortal (Chrono Boost)  
  123  8:52  Disruptor (Chrono Boost)  
  131  9:05  Nexus  
  130  9:15  Dark Templar  
  130  9:16  Dark Templar x2  
  136  9:18  Disruptor (Chrono Boost)  
  138  9:27  Assimilator  
  138  9:28  Assimilator  
  138  9:30  Pylon  
  136  9:42  Zealot x5, Pylon  
  136  9:45  Probe x2  
  148  9:49  Disruptor x2 (Chrono Boost)  
  152  9:53  Pylon  
  152  9:55  Pylon  
  152  9:56  Zealot x2  
  152  9:58  Pylon  
  156  10:02  Pylon  
  156  10:09  Probe x3  
  156  10:10  Shield Battery  
  156  10:14  Observer (Chrono Boost)  
  158  10:17  Observer (Chrono Boost)  
  159  10:21  Protoss Ground Weapons Level 2 (Chrono Boost)  
  159  10:24  Zealot x6  
  170  10:29  Stalker  
  166  10:43  Stalker  
  166  10:45  Stalker x2  
  166  10:47  Protoss Ground Armor Level 2 (Chrono Boost)  
  171  10:52  Stalker x2  
  171  10:54  Probe x2  
  177  11:03  Probe x2  
  179  11:06  Probe  
  180  11:20  Observer x2  
  180  11:22  Stalker x3  
  180  11:23  Stalker x3  
  194  11:29  Probe x3  
  197  11:33  Zealot  
  197  11:38  Observer  
  199  11:49  Pylon  
  199  11:53  Nexus  
  198  12:01  Zealot  
  198  12:08  Pylon  
  200  12:12  Gateway  
  198  12:16  Gateway  
  198  12:19  Gateway  
  198  12:21  Gateway  
  198  12:29  Protoss Ground Weapons Level 3 (Chrono Boost)  
  196  12:41  Protoss Ground Armor Level 3 (Chrono Boost)  
  196  12:47  Shadow Stride, Photon Cannon  
  196  12:48  Photon Cannon  
  196  12:49  Shield Battery, Observer, Templar Archives  
  196  12:51  Gateway  
  196  12:52  Gateway  
  196  12:55  Pylon  
  195  13:22  Zealot x2  
  197  13:30  Zealot x3  
  195  13:35  Zealot  
  195  13:36  Zealot x3  
  193  13:51  Zealot x3  
  193  13:52  Zealot x2  
  193  13:53  Observer  
  191  14:07  Stalker x3  
  191  14:08  Stalker  
  191  14:09  Psionic Storm  
  164  14:32  Stalker  
  164  14:33  Stalker x13  
  164  14:37  Colossus x2 (Chrono Boost)  
  170  14:59  Stalker x6  
  150  15:00  Stalker x5  
  160  15:15  Observer (Chrono Boost)  
  160  15:16  Observer (Chrono Boost)  
  160  15:19  Probe x4  
  160  15:20  Probe, Photon Cannon  
  167  15:21  Photon Cannon  
  167  15:22  Shield Battery  
  167  15:31  Probe x2  
  167  15:33  Dark Templar x3  
  173  15:36  Zealot  
  174  15:48  Zealot x4  
  174  15:49  Zealot  
  133  16:06  Dark Templar x5  
  133  16:08  Dark Templar  
  139  16:17  Probe x2  
  139  16:18  Probe  
  140  16:23  Stalker x4  
  142  16:33  Probe x2  
  142  16:34  Probe x3  
  146  16:53  Zealot x10  
  162  17:14  Stalker x8  
  175  17:16  Probe x2  
  175  17:17  Probe  
  175  17:32  Nexus  
  175  17:40  Observer  
  175  17:43  Observer  
  171  17:53  Stalker x3  
  169  18:13  Nexus, Observer x2 (Chrono Boost)  
  171  18:26  Stalker x11  
  193  18:29  Stalker x3  
  166  19:01  Zealot x3  
  168  19:02  Stalker  
  168  19:03  Stalker, Probe x2  
  168  19:04  Probe x3  
  177  19:11  Observer  
  177  19:15  Probe  
  177  19:16  Probe x3  
  177  19:33  Probe  
  177  19:34  Probe x4  
  177  19:35  Observer  
  176  19:49  Probe x5  
  174  20:01  Probe x3  
  174  20:02  Pylon  
  174  20:03  High Templar x4  
  174  20:07  Observer, High Templar x3  
  186  20:11  Assimilator, Probe x3  
  186  20:12  Assimilator  
  194  20:17  Probe x2  
  196  20:25  Probe x2  
  197  20:31  Probe x4  
  199  20:37  Probe  
  200  20:53  Observer  
  179  21:29  Photon Cannon  
  179  21:32  Photon Cannon  
  179  21:33  Shield Battery, Stargate  
  179  21:34  Zealot x10, Stargate  
  179  21:36  Probe  
  179  21:37  Shield Battery  
  196  21:52  Stalker x4  
  196  22:02  Nexus  
  196  22:03  Probe x3  
  196  22:04  Probe  
  186  22:23  Stalker x5  
  192  22:31  Zealot x3  
  192  22:32  Zealot  
  172  22:51  Stalker x5  
  172  22:52  Stalker  
  166  23:01  Zealot x4  
  142  23:22  Stalker x4  
  142  23:31  Archon  
  142  23:33  Observer  
  111  23:43  Observer (Chrono Boost)  
  111  23:44  Observer (Chrono Boost)  
  113  23:53  Archon  
  110  23:59  Stalker x3  
  110  24:00  Stalker  
  106  24:03  Zealot  
  92  24:15  Stalker x2  
  78  24:22  High Templar  
  78  24:23  High Templar x2  
Show
View Real Time Build Order
Export as new Build Order

Cure Terran - Winner!

Build Orders: Reaper Expand 

Get SALT Encoding   

  12  0:00  SCV  
  13  0:12  SCV  
  14  0:17  Supply Depot  
  14  0:24  SCV  
  15  0:39  SCV  
  15  0:40  Barracks  
  16  0:44  Refinery  
  16  0:51  SCV  
  17  1:03  SCV  
  18  1:15  SCV  
  19  1:29  Orbital Command, Reaper  
  20  1:46  Command Center  
  20  1:53  Bunker  
  20  1:54  SCV  
  20  2:01  Barracks Reactor  
  21  2:06  SCV  
  21  2:07  Supply Depot  
  22  2:18  SCV  
  23  2:31  Command Center  
  23  2:33  SCV  
  23  2:37  Marine x2  
  26  2:45  SCV  
  26  2:48  Barracks  
  27  2:57  SCV  
  28  2:59  Orbital Command  
  28  3:04  Marine x2  
  30  3:09  SCV  
  31  3:19  Barracks  
  31  3:21  SCV  
  31  3:23  Marine x2  
  31  3:25  SCV  
  35  3:34  SCV  
  35  3:36  Barracks Tech Lab  
  35  3:37  SCV  
  37  3:45  Orbital Command  
  37  3:46  SCV, Marine x2  
  40  3:49  SCV  
  40  3:54  Marine, Refinery  
  40  3:55  Stimpack  
  42  4:00  SCV  
  42  4:01  SCV  
  44  4:05  Factory  
  44  4:06  Marine x2  
  44  4:07  Barracks Tech Lab  
  46  4:12  SCV x2  
  46  4:13  SCV, Refinery  
  48  4:21  Supply Depot  
  49  4:24  SCV x2, Refinery  
  49  4:25  Marauder  
  49  4:26  Marauder  
  49  4:27  Marine  
  49  4:28  Marine  
  56  4:37  SCV x3  
  59  4:41  Combat Shield  
  59  4:44  Supply Depot  
  59  4:47  Engineering Bay  
  59  4:50  SCV x3  
  62  4:52  Starport  
  62  4:55  Factory Reactor  
  62  5:00  Marauder  
  62  5:02  Marauder  
  62  5:05  SCV x3  
  69  5:08  Supply Depot  
  69  5:11  Supply Depot  
  69  5:13  Terran Infantry Weapons Level 1  
  66  5:21  Marine x2  
  66  5:22  SCV x2, Marauder  
  66  5:23  Marauder  
  72  5:29  Orbital Command  
  72  5:34  SCV x2  
  74  5:37  Barracks  
  74  5:41  Medivac  
  74  5:42  Supply Depot, Barracks, Medivac  
  78  5:43  Concussive Shells  
  78  5:45  Factory Reactor  
  78  5:50  Marine, Marauder x2  
  78  5:52  SCV  
  78  5:54  SCV  
  78  5:55  SCV  
  86  5:58  Marine  
  87  6:05  SCV  
  87  6:06  SCV  
  87  6:07  SCV  
  90  6:13  Marine, Marauder x2  
  90  6:15  Marine  
  90  6:16  Supply Depot  
  90  6:17  SCV  
  98  6:18  SCV  
  98  6:19  Supply Depot, SCV  
  98  6:21  Medivac  
  101  6:31  Barracks Tech Lab, Barracks Reactor  
  101  6:37  Marine x2, Medivac  
  101  6:38  SCV x2, Marauder  
  109  6:40  Supply Depot x2  
  109  6:41  SCV, Marauder, Widow Mine x2  
  116  6:50  SCV  
  117  6:56  Supply Depot  
  117  7:01  SCV x2, Marine, Marauder, Medivac  
  117  7:02  SCV, Marauder x2  
  117  7:04  Supply Depot  
  129  7:13  SCV x2  
  129  7:14  SCV, Marine  
  133  7:17  Marine, Viking  
  136  7:23  Marauder  
  136  7:24  Marauder  
  136  7:25  SCV  
  136  7:26  Marauder, Widow Mine x2  
  136  7:28  Supply Depot x2  
  147  7:33  SCV x2  
  149  7:39  SCV  
  149  7:40  Marine x4  
  140  7:44  Marauder  
  140  7:45  Marauder, Viking  
  140  7:47  Ghost Academy, Marauder, Terran Infantry Armor Level 1, Viking  
  144  7:51  SCV x3  
  147  8:01  Refinery  
  147  8:02  Refinery  
  147  8:04  Command Center  
  147  8:10  Widow Mine x2  
  151  8:15  Marine x2, Marauder x3  
  151  8:16  Marine x2  
  157  8:22  Supply Depot x2  
  157  8:31  Medivac x2  
  160  8:36  Armory  
  160  8:38  Engineering Bay  
  160  8:42  SCV  
  160  8:43  SCV x2  
  160  8:46  Widow Mine x2  
  167  8:55  Ghost  
  167  8:56  Ghost x2  
  167  9:00  Supply Depot x2, Marine x4  
  177  9:03  Missile Turret  
  177  9:07  Viking  
  179  9:12  Missile Turret  
  179  9:17  Marine x2  
  179  9:18  Marine x2  
  183  9:29  Barracks x2  
  183  9:31  Missile Turret, Barracks  
  183  9:32  Missile Turret  
  183  9:33  Sensor Tower  
  183  9:37  Missile Turret  
  183  9:41  Terran Infantry Weapons Level 2  
  183  9:42  Terran Infantry Armor Level 2, Terran Ship Weapons Level 1  
  183  9:44  Planetary Fortress  
  181  9:55  SCV x3  
  184  10:00  Viking  
  184  10:01  Viking  
  188  10:07  SCV x3  
  188  10:12  Marine x3, Marauder  
  188  10:13  Marauder x2  
  200  10:17  Barracks Tech Lab  
  200  10:18  Barracks Tech Lab  
  193  10:25  SCV  
  193  10:26  SCV x2  
  196  10:34  Marine  
  196  10:35  Marine, Marauder  
  196  10:48  Marine x2, Ghost  
  198  10:58  Command Center  
  198  10:59  Refinery x2  
  198  11:01  Fusion Core  
  198  11:03  Starport  
  188  11:09  Viking x2  
  192  11:12  SCV x4  
  192  11:14  Sensor Tower  
  192  11:15  Command Center  
  195  11:23  Ghost x2  
  195  11:24  Marauder, Barracks Reactor  
  200  11:30  Starport  
  200  11:37  Factory Reactor  
  200  11:39  Missile Turret  
  197  11:51  Liberator  
  198  11:57  Terran Ship Weapons Level 2, Terran Infantry Weapons Level 3  
  198  12:00  Terran Infantry Armor Level 3  
  196  12:01  Advanced Ballistics  
  196  12:03  Personal Cloaking  
  196  12:07  Command Center  
  196  12:12  Ghost x2  
  199  12:29  Missile Turret  
  197  12:30  Orbital Command  
  197  12:31  Liberator, Command Center  
  200  12:38  Missile Turret  
  200  12:43  Command Center  
  200  13:07  Missile Turret  
  200  13:11  Planetary Fortress  
  200  13:13  Caduceus Reactor  
  196  13:29  Nuke  
  196  13:30  Liberator  
  196  13:31  Ghost  
  199  13:39  Marine x4, Ghost x2  
  199  13:40  Marauder x2  
  189  13:46  Liberator x3  
  189  13:47  Liberator  
  186  14:06  Marine  
  186  14:07  Marine x4  
  186  14:08  Marauder x2  
  194  14:12  Liberator  
  194  14:13  Liberator  
  196  14:27  Marine x2, Marauder  
  196  14:28  Marine x3, Marauder x2  
  196  14:29  Marine x2  
  192  14:31  Medivac x3  
  192  14:34  Neosteel Armor, Medivac  
  192  14:37  Hi-Sec Auto Tracking  
  196  14:40  Marauder  
  196  14:43  Orbital Command  
  196  14:44  Marine x2  
  197  14:46  Marine x2  
  197  14:51  Marine x2, Marauder  
  197  14:53  Marine x2  
  197  14:54  Marauder  
  197  14:55  Medivac x2  
  185  15:00  SCV x4  
  185  15:01  Marauder, Medivac x3  
  185  15:02  Marine x2  
  185  15:03  Marine  
  185  15:05  Command Center  
  200  15:24  Missile Turret  
  200  15:29  Nuke  
  200  15:31  Terran Ship Weapons Level 3  
  200  15:41  Sensor Tower  
  200  15:51  Marine x2  
  173  15:58  Ghost x2  
  173  15:59  Marine x5, Marauder x2  
  173  16:00  Liberator x3  
  169  16:07  Orbital Command  
  169  16:09  Marine x2  
  164  16:16  Marine x4  
  164  16:18  SCV x2, Marauder  
  160  16:19  SCV  
  160  16:21  Marauder x2  
  165  16:27  Marine x2, Ghost, Marauder  
  170  16:34  Marine x4  
  170  16:37  Liberator  
  170  16:39  Marauder  
  179  16:41  Ghost x2  
  179  16:44  Marine  
  179  16:46  Missile Turret  
  178  16:49  Marine, Marauder, Bunker  
  178  16:52  Marine x2  
  183  16:56  Marauder  
  183  17:00  Ghost  
  187  17:08  Marine x4  
  187  17:09  Ghost  
  187  17:10  Marauder  
  187  17:11  Marauder  
  197  17:19  Ghost  
  197  17:20  Marine x2  
  198  17:26  Marine  
  199  17:34  Missile Turret  
  199  17:37  Planetary Fortress  
  199  17:44  Sensor Tower  
  197  18:05  Liberator x2  
  197  18:08  Refinery x2  
  197  18:09  Command Center  
  197  18:12  Nuke  
  200  18:14  Terran Vehicle And Ship Armor Level 1  
  200  18:36  Liberator x2  
  200  18:38  Marine x4  
  200  18:39  Marine x4, Marauder  
  200  18:40  Marine  
  200  18:41  Marauder  
  159  18:56  Marine x6  
  159  18:57  Marine, Marauder  
  159  18:58  Marauder  
  159  19:00  Marine  
  159  19:01  Marine  
  164  19:03  Refinery x2  
  162  19:14  Marine x6  
  162  19:15  Marauder  
  165  19:18  Orbital Command, Marauder, Medivac  
  165  19:19  Marine x2, Marauder  
  164  19:24  Medivac  
  164  19:27  Orbital Command  
  164  19:30  Command Center  
  158  19:32  Marine x4  
  158  19:33  Missile Turret  
  158  19:36  Marauder  
  158  19:37  Ghost  
  158  19:38  Marauder  
  168  19:42  Marine x3, Marauder  
  172  19:49  Missile Turret  
  172  19:50  Marine  
  173  19:58  Marauder  
  175  20:01  Ghost x2  
  175  20:05  Viking  
  181  20:07  Marine x5, Marauder  
  188  20:22  Ghost  
  189  20:30  Liberator  
  189  20:34  Command Center  
  192  20:36  Liberator  
  195  20:44  Command Center  
  195  20:54  Marine x4, Ghost x2  
  195  20:55  Marauder  
  192  21:09  Medivac x2  
  196  21:16  Medivac  
  198  21:25  Medivac  
  194  21:51  Command Center  
  193  21:54  Marine x2  
  193  21:55  Marine, Marauder x2, Sensor Tower  
  193  21:59  Marine x4, Marauder x2  
  198  22:12  Marine x3  
  192  22:34  Liberator x2  
  198  22:46  Marine x2  
  198  22:47  Marine x3, Marauder x2  
  176  22:58  Marine x3  
  176  22:59  Marauder  
  176  23:04  Marine x2  
  182  23:08  Marauder x2  
  169  23:25  Ghost x2  
  169  23:26  Marine x2, Marauder  
  171  23:30  Marauder  
  159  23:40  Marine, Ghost  
  159  23:47  Ghost  
  158  24:01  Medivac x3  
  153  24:02  Ghost  
  153  24:03  Marine  
Tags
 
Add a new tag
Caveats
  • Supply blocks, unpowered buildings, or Contaminate may cause inaccurate times.
  • Supply counts are checked every 10 seconds.